Cogmind - Beta 13 @@@ ROGUE MODE // 2024.04.08 @ 00:07:44 Player: triplej Result: Destroyed by Y-45 Defender with Beam Rifle Performance ------------- Evolutions (1) 500 Regions Visited (3) 600 Robots Destroyed (25) 125 Value Destroyed (558) 558 Prototype IDs (4) 80 Alien Tech Used (0) 0 Bonus (0) 0 TOTAL SCORE: 1863 Bonus ------- None Cogmind --------- Core Integrity 0/400 Matter 245/300 Energy 154/275 System Corruption 0% Temperature Cool (21) Movement Flying (31) Location -9/Materials Parts ------- > --- POWER (1) -------- Deuterium Engine > --- PROPULSION (4) --- Flight Unit Flight Unit Flight Unit Flight Unit > --- UTILITY (2) ------ Signal Interpreter Core Shielding > --- WEAPON (2) ------- Autogun Katana > --- INVENTORY (5) ---- Deuterium Engine Experimental Sensor Array Heavy Particle Gun Heavy Particle Gun Autogun Peak State ------------ > --- POWER ------------ Light Ion Engine > --- PROPULSION ------- Aluminum Leg Aluminum Leg Aluminum Leg Aluminum Leg > --- UTILITY ---------- Small Storage Unit Experimental Sensor Array > --- WEAPON ----------- Assault Rifle Light Assault Rifle > --- INVENTORY -------- Ion Engine Light Nuclear Core Wheel Improved Heat Sink Light Assault Rifle Light Assault Rifle [Rating: 18] Favorites ----------- Power Light Ion Engine Engine Light Ion Engine Power Core Light Nuclear Core Propulsion Aluminum Leg Leg Aluminum Leg Wheel Wheel Flight Unit Flight Unit Utility Small Storage Unit Device Experimental Sensor Array Storage Small Storage Unit Processor Signal Interpreter Protection Core Shielding Weapon Assault Rifle Energy Gun Heavy Particle Gun Ballistic Gun Assault Rifle Slashing Weapon Katana Build | -11 -10 -10 -9 ------- Run | Yrd Mat Min Mat Slots Evolved 2 | . . . 2 Power . | . . . . Propulsion 2 | . . . 2 Utility . | . . . . Weapon . | . . . . Parts Attached 44 | 6 1 2 35 Power 6 | 1 . . 5 Engine 5 | 1 . . 4 Core 1 | . . . 1 Reactor . | . . . . Propulsion 15 | 2 . . 13 Treads . | . . . . Leg 9 | 2 . . 7 Wheel 1 | . . . 1 Hover . | . . . . Flight 5 | . . . 5 Utility 11 | 1 1 2 7 Device 7 | . 1 2 4 Storage 1 | 1 . . . Processor 1 | . . . 1 Hackware . | . . . . Protection 2 | . . . 2 Artifact . | . . . . Weapon 12 | 2 . . 10 Energy Gun 6 | . . . 6 Energy Cannon . | . . . . Ballistic Gun 4 | 2 . . 2 Ballistic Cannon . | . . . . Launcher . | . . . . Special Weapon . | . . . . Impact Weapon . | . . . . Slashing Weapon 2 | . . . 2 Piercing Weapon . | . . . . Special Melee Weapon . | . . . . Unidentified Prototypes 4 | . . 1 3 Parts Lost 16 | . . . 16 Power 3 | . . . 3 Propulsion 9 | . . . 9 Utility 2 | . . . 2 Weapon 2 | . . . 2 Highest Loss Streak 8 | . . . 8 To Critical Strikes . | . . . . Average Slot Usage (%) 90 | . 90 99 86 Engine 9 | . 14 14 7 Leg 25 | . 28 28 23 Wheel 2 | . . . 4 Flight 5 | . . . 9 Device 8 | . 5 13 5 Storage 7 | . 14 14 2 Processor 4 | . . . 6 Protection 2 | . . . 3 Energy Gun 5 | . . . 9 Ballistic Gun 15 | . 28 28 7 Slashing Weapon 3 | . . . 5 Naked Turns . | . . . . Heaviest Build 15 | 11 12 12 15 Greatest Support 40 | 20 20 20 40 Greatest Overweight (x) 4 | 2 . . 4 Average Overweight (x) . | . . . . Largest Inventory Capacity 8 | 8 8 8 8 Average Capacity 6 | 7 8 8 5 Most Carried 8 | 6 8 8 8 Average Carried 5 | 2 6 7 5 Final Capacity 8 | 8 8 8 5 Final Carried 8 | 6 8 8 5 Class Distribution -------------------- 63% | Mutant 36% | Scavenger-Mutant Dominant Class ---------------- Mutant | -10/Materials Mutant | -10/Mines Scavenger-Mutant | -9/Materials Resources | -11 -10 -10 -9 ----------- Run | Yrd Mat Min Mat Matter Collected 737 | 237 73 40 387 Remotely . | . . . . Salvage Created 770 | . 77 52 641 Parts 59 | . 6 3 50 Haulers Intercepted . | . . . . Recyclers Shooed 2 | . 1 . 1 Parts Field Recycled . | . . . . Retrieved Matter . | . . . . Parts Self-Destructed . | . . . . Prevented . | . . . . Kills | -11 -10 -10 -9 ------- Run | Yrd Mat Min Mat Combat Hostiles Destroyed 20 | . 2 3 15 Guns 19 | . 2 3 14 AOE 1 | . . . 1 Classes Destroyed 9 | . 1 1 7 Builder 1 | . . . 1 Tunneler 1 | . . . 1 Recycler 1 | . . . 1 Mechanic 1 | . . . 1 Watcher 1 | . . . 1 Swarmer 10 | . . 3 7 Grunt 7 | . 2 . 5 Duelist 1 | . . . 1 Sentry 2 | . . . 2 Best Kill Streak 6 | . 2 2 6 Combat Bots Only 4 | . 2 2 4 Max Kills in Single Turn 1 | . 1 1 1 Gunslinging . | . . . . Exploded 1 | . . . 1 Melee . | . . . . Uniques/NPCs Destroyed . | . . . . Combat | -11 -10 -10 -9 -------- Run | Yrd Mat Min Mat Hostile Shots Fired 185 | . 24 8 153 Missed 45 | . 5 1 39 Damage Taken 1921 | . 220 50 1651 Core 465 | . 53 7 405 Absorbed by Shields . | . . . . Redirected to Shielding 14 | . . . 14 Core Remaining (%) 88 | 100 . 76 . Volleys Fired 85 | . 10 5 70 Largest 2 | . 2 2 2 Hottest 100 | . 40 40 100 Shots Fired 137 | . 20 10 107 Gun 137 | . 20 10 107 Cannon . | . . . . Launcher . | . . . . Special . | . . . . Kinetic 98 | . 20 10 68 Thermal 26 | . . . 26 Explosive . | . . . . Electromagnetic 13 | . . . 13 Robot Hit Streak 10 | . 6 6 10 Robot Miss Streak 4 | . 3 2 4 Penetration Max . | . . . . Secondary Targets 5 | . . 1 4 Max Gunslinging Chain 1 | . . 1 1 Shots Hit Robots 94 | . 13 5 76 Core Hits 43 | . 5 3 35 Critical Kills . | . . . . Critical Parts Destroyed 1 | . 1 . . Critical Strikes 2 | . 1 . 1 Burn 1 | . . . 1 Destroy 1 | . 1 . . Melee Attacks . | . . . . Impact . | . . . . Slashing . | . . . . Piercing . | . . . . Sneak Attacks . | . . . . Combat Hostiles . | . . . . Follow-up Attacks . | . . . . Damage Inflicted 1260 | . 144 61 1055 Guns 1227 | . 144 61 1022 Cannons . | . . . . Explosions 33 | . . . 33 Melee . | . . . . Ramming . | . . . . Kinetic 774 | . 144 61 569 Thermal 340 | . . . 340 Explosive . | . . . . Electromagnetic 146 | . . . 146 Impact . | . . . . Slashing . | . . . . Piercing . | . . . . Highest Corruption . | . . . . Average Corruption . | . . . . Corruption Purged . | . . . . Corruption Blocked . | . . . . Overload Shots . | . . . . Overflow Damage . | . . . . Projectiles . | . . . . Explosions . | . . . . Melee . | . . . . Knockbacks . | . . . . Impact . | . . . . Kinetic . | . . . . Secondary . | . . . . Self-Inflicted Damage 40 | . . . 40 Shots 1 | . . . 1 Rammed . | . . . . Targets Rammed . | . . . . Kicked . | . . . . Crushed . | . . . . Highest Temperature 220 | . 18 . 220 Average Temperature 44 | . 9 . 49 Received Heat Transfer 582 | . 90 . 492 Siege Activations . | . . . . Robots Corrupted . | . . . . Combat Hostiles . | . . . . Parts Fried . | . . . . Impact Corruptions . | . . . . Robots Melted . | . . . . Combat Hostiles . | . . . . Parts Melted 3 | . . . 3 Heat Transferred 761 | . . . 761 Parts Sabotaged . | . . . . Parts Stolen . | . . . . Parts Stripped . | . . . . Power Chain Reactions 1 | . . . 1 Alert | -11 -10 -10 -9 ------- Run | Yrd Mat Min Mat Peak Influence 308 | . 65 110 308 Initial 42 | . . 25 42 Average 87 | . 27 71 124 Maximum Alert Level 1 | . . . 1 Low Security (%) 94 | 100 100 100 90 Level 1 5 | . . . 9 Level 2 . | . . . . Level 3 . | . . . . Level 4 . | . . . . Level 5 . | . . . . High Security . | . . . . Max Security . | . . . . Squads Dispatched 2 | . . . 2 Investigation . | . . . . Extermination . | . . . . Reinforcement 2 | . . . 2 Assault . | . . . . Garrison . | . . . . Intercept . | . . . . Searches Triggered . | . . . . Construction Impeded 1 | . . . 1 Haulers Reinforced . | . . . . Active Scanning Responses . | . . . . Cargo Convoy Interrupts . | . . . . Stealth | -11 -10 -10 -9 --------- Run | Yrd Mat Min Mat Distress Signals 3 | . . . 3 Communications Jammed . | . . . . Distress Signals . | . . . . Times Spotted 39 | . 6 4 29 Peak Tracking Total 7 | . 4 3 7 Tactical Retreats 4 | . . 1 3 Traps | -11 -10 -10 -9 ------- Run | Yrd Mat Min Mat Traps Triggered 1 | . . . 1 Indirectly . | . . . . Trap Hack Attempts . | . . . . Triggered . | . . . . Disarmed . | . . . . Reprogrammed . | . . . . Reused . | . . . . Traps Extracted . | . . . . Installed . | . . . . Triggered . | . . . . Machines | -11 -10 -10 -9 ---------- Run | Yrd Mat Min Mat Machines Disabled 1 | . . . 1 Max in Single Turn 1 | . . . 1 Machines Repaired . | . . . . Machines Dismantled . | . . . . Machines Sabotaged . | . . . . Overloaded Fab Kills . | . . . . Hacking | -11 -10 -10 -9 --------- Run | Yrd Mat Min Mat Machines Accessed . | . . . . Terminals . | . . . . Fabricators . | . . . . Repair Stations . | . . . . Recycling Units . | . . . . Scanalyzers . | . . . . Garrison Access . | . . . . Total Hacks . | . . . . Successful . | . . . . Failed . | . . . . Catastrophic . | . . . . Database Lockouts . | . . . . Manual . | . . . . Terminals . | . . . . Fabricators . | . . . . Repair Stations . | . . . . Recycling Units . | . . . . Scanalyzers . | . . . . Garrison Access . | . . . . Terminal Hacks . | . . . . Fabricator Hacks . | . . . . Repair Station Hacks . | . . . . Recycling Unit Hacks . | . . . . Scanalyzer . | . . . . Garrison Access Hacks . | . . . . Unauthorized Hacks . | . . . . Terminals . | . . . . Fabricators . | . . . . Repair Stations . | . . . . Recycling Units . | . . . . Scanalyzers . | . . . . Garrison Access . | . . . . Data Cores Recovered . | . . . . Used . | . . . . Hacking Detections . | . . . . Full Trace Events . | . . . . Feedback Events . | . . . . Feedback Blocked . | . . . . Robot Schematics Acquired . | . . . . Robots Built . | . . . . Authchips . | . . . . Time . | . . . . Total Robot Build Rating . | . . . . Part Schematics Acquired . | . . . . Parts Built . | . . . . Authchips . | . . . . Time . | . . . . Total Part Build Rating . | . . . . Parts Repaired . | . . . . Time . | . . . . Parts Recycled . | . . . . Recycled Matter . | . . . . Retrieved Matter . | . . . . Retrieved Components . | . . . . Parts Scanalyzed . | . . . . Part Schematics Acquired . | . . . . Parts Damaged . | . . . . Bothacking | -11 -10 -10 -9 ------------ Run | Yrd Mat Min Mat Used RIF Installer . | . . . . Robots Hacked . | . . . . Non-combat . | . . . . Combat . | . . . . Robot Hacks Applied . | . . . . Relay Couplers Released . | . . . . Fabnet Peak Effective % . | . . . . Robots Rewired . | . . . . Allies Hacked . | . . . . Hacks Repelled . | . . . . Allies | -11 -10 -10 -9 -------- Run | Yrd Mat Min Mat Total Allies . | . . . . Largest Group . | . . . . Highest-Rated Group . | . . . . Highest-Rated Ally . | . . . . Total Orders . | . . . . Ally Attacks . | . . . . Total Damage . | . . . . Kills . | . . . . Allies Corrupted . | . . . . Allies Melted . | . . . . Intel | -11 -10 -10 -9 ------- Run | Yrd Mat Min Mat Robot Analysis Total . | . . . . Derelict Logs Recovered 1 | . . 1 . Drone Launches . | . . . . Drone Recoveries . | . . . . Exploration | -11 -10 -10 -9 ------------- Run | Yrd Mat Min Mat Turns Passed 1472 | 169 138 363 802 Spaces Moved 941 | 82 88 283 488 Core 14 | 13 . . 1 Treads . | . . . . Legs 726 | 69 88 283 286 Wheels 9 | . . . 9 Hover . | . . . . Flight 192 | . . . 192 Fastest Speed 31 | 50 120 120 31 Average Speed 109 | 117 120 120 100 Slowest Speed 250 | 150 120 120 250 Overloaded Moves . | . . . . Propulsion Burnouts . | . . . . Robots Hopped . | . . . . Cave-ins Triggered . | . . . . Exploration Rate (%) 36 | 8 17 68 54 Regions Visited 3 Branch Regions 1 Pre-discovered Areas 1 | . . 1 . Known Exits Taken . | . . . . Unknown Exits Taken 3 | 1 1 1 . Scrap Searched 1 | . . 1 . Spaces Dug . | . . . . Terrain Destroyed 2 | . . . 2 Melee . | . . . . Projectile . | . . . . AOE 2 | . . . 2 Terrain Rammed . | . . . . Walls Destroyed . | . . . . Machines Disabled . | . . . . Actions | -11 -10 -10 -9 --------- Run | Yrd Mat Min Mat Total 1249 | 151 102 298 698 Wait 140 | 58 . 4 78 Move 938 | 81 87 282 488 Hop . | . . . . Pick Up 19 | 6 3 2 8 Fast Attach 31 | 6 1 1 23 Attach 9 | . . . 9 Detach 5 | . . . 5 Swap 4 | . . 1 3 Drop 18 | . 1 3 14 Fire 85 | . 10 5 70 Melee . | . . . . Ram . | . . . . Kick . | . . . . Crush . | . . . . Escape Stasis . | . . . . Rewire . | . . . . Trap . | . . . . Miscellaneous . | . . . . Route ------- -11/Scrapyard -10/Materials -10/Mines (discovered 2 exits: *Mat x2) -9/Materials (discovered 1 exit: *Min) History --------- Turn | Location | Event 22 | -11/Scrapyard | Discovered new exit (range 14) 170 | -11/Scrapyard | Entered Materials 184 | -10/Materials | Discovered new exit (range 16) 300 | -10/Materials | Build established: Mutant 308 | -10/Materials | Entered Mines 326 | -10/Mines | Found a damaged Exp. Sensor Array with a note attached 329 | -10/Mines | Found Prototype Device 330 | -10/Mines | Identified Exp. Sensor Array 401 | -10/Mines | Learned location of Storage (-8) 606 | -10/Mines | Discovered new exit (range 14) 633 | -10/Mines | Discovered new exit (range 15) 671 | -10/Mines | Entered Materials 671 | -9/Materials | Evolved 2 slots: Propulsion x2 882 | -9/Materials | Core integrity fell below 50% 920 | -9/Materials | Lost 8 parts (1p3n2u2w) 1232 | -9/Materials | Core integrity fell below 20% 1260 | -9/Materials | Lost 3 parts (3n) 1327 | -9/Materials | Discovered new exit (range 14) 1362 | -9/Materials | Identified exit to Mines 1473 | -9/Materials | Destroyed by Y-45 Defender with Beam Rifle Last Messages --------------- 01417_ U-05 Engineer lays Concrete. 01420_ W-16 Scout sends out distress signal. 01420_ U-05 Engineer builds a Wall. 01422_ T-07 Excavator is excavating. 01435_ Flight Unit destroyed. 01435_ S-10 Pest destroyed. 01448_ W-16 Scout sends out distress signal. 01448_ S-10 Pest destroyed. 01452_ K-01 Serf collects debris. 01456_ Acquired Flight Unit. 01456_ K-01 Serf collects debris. 01458_ Acquired Flight Unit. 01459_ K-01 Serf collects debris. 01462_ Acquired 11 matter. 01463_ Dropped Cld. Ion Engine. 01463_ K-01 Serf collects debris. 01463_ Acquired Deuterium Engine. 01465_ Dropped Recoil Stabilizer. 01466_ Acquired Deuterium Engine. 01467_ K-01 Serf collects debris. Map ----- +----------------------------------------------------+ | ????????????????????????????????????????????? | | ????????????????????????????????????????????? | | ????????????????????????????????????????????? | | ????????????????????????????????????????????? | | ????????????????????????????????????????????? | | ????????????????????????????????????????????? | | ????????????????????????????????????????????? | | ????????????????????????????????????????????? | | ????????????????????????????????????????????? | | ????????????????????????????????????????????? | | ????????????????????????????????????????????? | | ????????????????????????????????????????????? | | ????????????????????????????????????????????? | | ????????????????????????????????????????????? | | ????????????????????????????????????????????? | | ????????????????????????????????????????????? | | ????????????????????????????????????????????? | | ????????????????????????????????????????????? | | ????????????????????????????????????????????? | | ????????????????????????????????????????????? | | ????????????????????????????????????#???????? | | ??????????????????????????????????? #???????? | | ?????????????????????????????????? #???????? | | ???????????????#####????#+#?????? ##??????? | | ???????????????# ??# ###### #??????? | | ???????????????# """ #@ #??????? | | ???????????????# "R + w Y +??????? | | ???????????????# """ #a #??????? | | ????????######## "" ??# #### #??????? | | ????????#**!!**# ????# #?????+###??????? | | ????????#**!! # ??????# #???????????????? | | ????????# *!#????????#* #???????????????? | | ????##### ##########%= #???????????????? | | ????# =*= !| #???????????????? | | ????# %% #???????????????? | | ????# %==[ #???????????????? | | ????# ###+##### """ !###?????????????? | | ##??# # ??# """" %""#?????????????? | | ??# # ????# """"" T"#?????????????? | | ??# # ????# """"" ""#?????????????? | | #?# + ?????# """ #############???? | | #?# # ?????# # #???? | | #### # ?????# # #???? | | ###?????# ^ """ # #???? | | #???????# """"" # #???? | | #???????# """"" + #???? | | +################ """"" # #???? | | %! #?# # """ # #???? | | #?# # ###########+#???? | | #?# """ # #????????# #???? | +----------------------------------------------------+ Best States ------------- Heat Dissipation 42 Energy Generation 23 Energy Capacity 280 Matter Stores 300 Matter Capacity 300 Sight Range 16 Robot Scan Range 20 Terrain Scan Density 10 Core Shielding 20 Evasion (%) 63 Recoil Reduction 4 Item Schematics ----------------- None Robot Schematics ------------------ None Fabricated ------------ Nothing Alien Tech Used ----------------- None Achievements -------------- None Challenges ------------ None Game ------ Seed SwordDamperField Manual? 0 Play Time 00:19:51 Cumulative 9.2 hours Start 2024.04.07 @ 23:47:05 End 2024.04.08 @ 00:07:44 Sessions 1 Manual Loads 0 Difficulty Rogue Special Mode None Game No. 21 Rogue 16 Adventurer 5 Explorer 0 Win Type - Total 0 Types 0/0/0/0/0/0/0/0/0 Lore% 2 Gallery% 19 Achievement% 14 Wizard Run 0 Options --------- Layout 1 ASCII 0 Keyboard 0 Movement Mouse Keybinds 0 Fullscreen 2 Font 32/Dina Map View 50x35 Zoom Use 0% Tactical HUD 1 Map Filters NONE Filters NONE Steam 1 RUN: 752ebe39-5039-41a6-9aca-7b587ef8a349